 Dungeon Crawl Stone Soup version 0.31-a0-229-g1fc7ce93e2 (webtiles) character file.

Game seed: 3112692206894034524

107 qw the Shooter (level 4, -1/36 HPs)
             Began as a Minotaur Hexslinger on July 6, 2023.
             Slain by Sigmund
             ... wielding a +2 scythe of holy wrath
              (7 damage)
             ... on level 3 of the Dungeon.
             The game lasted 00:00:49 (1964 turns).

qw the Shooter (Minotaur Hexslinger)                Turns: 1964, Time: 00:00:50

Health: -1/36      AC:  5    Str: 13    XL:     4   Next: 56%
Magic:  4/4        EV: 11    Int: 10    God:
Gold:   147        SH:  0    Dex: 14    Spells: 4/5 levels left

rFire   . . .        Y - +1 sling
rCold   . . .        (no shield)
rNeg    . . .        b - +0 ring mail
rPois   .            (helmet restricted)
rElec   .            (no cloak)
rCorr   +            (no gloves)
SInv    .            (no boots)
Will    .....        a - amulet of the acrobat
Stlth   +            j - ring of resist corrosion
HPRegen 0.26/turn    (no ring)
MPRegen 0.09/turn

%: acrobat
@: no status effects
A: horns 2, retaliatory headbutt
a: no special abilities


You were on level 3 of the Dungeon.
You visited 1 branch of the dungeon, and saw 3 of its levels.

You collected 147 gold pieces.


Innate Abilities, Weirdness & Mutations

You have a pair of horns on your head.
You reflexively headbutt those who attack you in melee.


   Skills:
 - Level 2.0 Fighting
 + Level 4.6 Ranged Weapons
 - Level 2.1 Armour
 - Level 2.1 Dodging
 - Level 1.0 Spellcasting
 - Level 2.0 Hexes


You had 4 spell levels left.
You knew the following spells:

 Your Spells              Type           Power      Damage    Failure   Level
a - Slow                  Hex            16%        N/A       32%         1

Your spell library contained the following spells:

 Spells                   Type           Power      Damage    Failure   Level
 Inner Flame              Hex/Fire       2%         N/A       82%         3
 Portal Projectile        Hex/Tloc       4%         N/A       82%         3
 Cause Fear               Hex            2%         N/A       97%         4

Inventory:

Hand Weapons
 Y - a +1 sling (weapon)
Armour
 b - a +0 ring mail (worn)
 g - a +1 robe of willpower
Jewellery
 a - an amulet of the acrobat (around neck)
 j - a ring of resist corrosion (left hand)
Scrolls
 c - a scroll of identify
 e - a scroll of enchant weapon {unknown}
 o - a scroll of teleportation {unknown}
Potions
 d - a potion of heal wounds
 f - a potion of ambrosia {unknown}
 h - a potion of enlightenment {unknown}
 i - a potion of lignification {unknown}
 k - a potion of cancellation {unknown}
 l - a potion of might {unknown}
 m - a potion of haste {unknown}
 n - a potion of degeneration {unknown}

Dungeon Overview and Level Annotations

Branches:
Dungeon (3/15)

Altars:

Shops:
D:2 =

Annotations:
D:3 Sigmund


Message History

You shoot a sling bullet. The sling bullet barely misses Sigmund.
You shoot a sling bullet. The sling bullet hits Sigmund.
Sigmund is lightly wounded.
You shoot a sling bullet. The sling bullet barely misses Sigmund.
Sigmund casts a spell at you. You resist with some effort.
You shoot a sling bullet.
The sling bullet hits Sigmund but does no damage.
Sigmund is lightly wounded.
Sigmund gestures at you while chanting. You resist with some effort.
You shoot a sling bullet.
The sling bullet closely misses Sigmund.
Sigmund points at you and mumbles some strange words.
You are confused.
Sigmund casts a spell.
Sigmund flickers and vanishes!
Deactivating autopickup; reactivate with Ctrl-A.
You shoot a sling bullet. Something hits you but does no damage.
You shoot a sling bullet. Something hits you.
You shoot a sling bullet.
A magic dart appears from out of thin air!
The magic dart hits you.
You shoot a sling bullet.
You feel less confused. Something hits you.
You shoot a sling bullet. Something hits you.
You shoot a sling bullet. Something hits you.
You shoot a sling bullet. Something hits you!
You shoot a sling bullet.
A magic dart appears from out of thin air!
The magic dart hits you.
You shoot a sling bullet. Something hits you!
You die...

. . # . .. . ... ##### .
.... #...# ##### .....
#...# ...# #
......##...#########.###
.....{.@...............+
.....###........####...#
... ##.......# #...# #
#.......# #...#
####...## #...# #####
##.... #..... #.....
#.....


There were no monsters in sight!

Vanquished Creatures
  Jessica (D:3)
  3 adders (D:2)
  2 worms
  3 dart slugs
  4 ball pythons
  5 endoplasms
  A giant cockroach (D:3)
  4 goblins
  3 hobgoblins
  5 kobolds
  A quokka (D:1)
  3 bats
  3 frilled lizards
  7 rats
45 creatures vanquished.

Notes
Turn   | Place    | Note
-------+----------+-------------------------------------------
     0 | D:1      | qw the Minotaur Hexslinger began the quest for the Orb.
     0 | D:1      | Reached XP level 1. HP: 16/16 MP: 1/1
     0 | D:1      | 0 ||| qw: Version: 0.3-a-46-gb1f654a
     0 | D:1      | 0 ||| qw: Game counter: 1351
     0 | D:1      | 0 ||| qw: Melee chars always use a shield: true
     0 | D:1      | 0 ||| qw: God list: Okawaru
     0 | D:1      | 0 ||| qw: Allow faded altars: false
     0 | D:1      | 0 ||| qw: Do Orc after clearing Dungeon:15 true
     0 | D:1      | 0 ||| qw: Do second Lair branch before Depths: true
     0 | D:1      | 0 ||| qw: Lair rune preference: random
     0 | D:1      | 0 ||| qw: Goals: Normal
     0 | D:1      | 0 ||| PLANNING D:1-11
    79 | D:1      | 79 ||| FLEEEEING.
    80 | D:1      | 80 ||| FLEEEEING.
    81 | D:1      | 81 ||| FLEEEEING.
    95 | D:1      | 95 ||| FLEEEEING.
    96 | D:1      | 96 ||| FLEEEEING.
   108 | D:1      | Reached skill level 3 in Ranged Weapons
   108 | D:1      | Reached XP level 2. HP: 20/23 MP: 2/2
   439 | D:1      | 439 ||| UPGRADING to +0 leather armour.
   449 | D:1      | 449 ||| DROPPING +0 robe.
   450 | D:1      | 450 ||| UPGRADING to ring of resist corrosion.
   451 | D:1      | 451 ||| READING scroll labelled MOLAFOTSO.
   452 | D:1      | 452 ||| READING scroll labelled HIARPH TOSSEKI.
   453 | D:1      | 453 ||| DRINKING 2 metallic grey potions.
   454 | D:1      | 454 ||| DROPPING scroll of poison.
   641 | D:2      | Reached XP level 3. HP: 19/29 MP: 3/3
   755 | D:2      | Found a faded altar of an unknown god.
   873 | D:2      | Reached skill level 4 in Ranged Weapons
   999 | D:2      | Found Lapexted's Jewellery Emporium.
  1041 | D:2      | 1041 ||| SHOPLISTING +4 ring of slaying (1092 gold, have
                  | 120).
  1041 | D:2      | 1041 ||| SHOPLISTING amulet of faith (560 gold, have 120).
  1041 | D:2      | 1041 ||| SHOPLISTING ring of poison resistance (280 gold,
                  | have 120).
  1041 | D:2      | 1041 ||| SHOPLISTING ring of protection from cold (350
                  | gold, have 120).
  1041 | D:2      | 1041 ||| SHOPLISTING ring of protection from fire (350
                  | gold, have 120).
  1041 | D:2      | 1041 ||| SHOPLISTING ring of see invisible (210 gold, have
                  | 120).
  1121 | D:2      | 1121 ||| FLEEEEING.
  1306 | D:2      | Reached XP level 4. HP: 13/36 MP: 4/4
  1486 | D:2      | 1486 ||| UPGRADING to +0 ring mail.
  1496 | D:2      | 1496 ||| DROPPING +0 leather armour.
  1497 | D:2      | 1497 ||| UPGRADING to amulet of the acrobat.
  1502 | D:2      | 1502 ||| READING scroll labelled ZOKHLE JATEV.
  1503 | D:2      | 1503 ||| READING scroll labelled NUOMUR KON EGGEU.
  1759 | D:3      | Noticed Jessica
  1770 | D:3      | Killed Jessica
  1948 | D:3      | Noticed Sigmund
  1963 | D:3      | HP: 6/36 [something/magic dart (4)]
  1964 | D:3      | Slain by Sigmund

Levels and vault maps discovered:
D:1:      psy_arrival_whirlpool, layout_rooms
D:2:      layout_loops_cross, serial_shops, nicolae_shop_waterfront,
          hellmonk_ecumenical_altar_pennies_from_heaven,
          minmay_misc_feat_plants, minmay_hedge_maze
D:3:      layout_basic, uniq_jessica, uniq_sigmund

Skill      XL: |  1  2  3  4 |
---------------+-------------+-----
Ranged Weapons | 3 4 |  4.6
Fighting       | 2 |  2.0
Armour         | 2 |  2.1
Dodging        | |  2.1
Spellcasting   | |  1.0
Hexes          | |  2.0

Action                     |  1- 3 |  4- 6 || total
---------------------------+-------+-------++-------
   Fire: Sling             |   121 |    46 ||   167
    Use: Scroll            |     2 |     2 ||     4
         Potion            |     1 |       ||     1
 Armour: Leather armour    |     7 |       ||     7
         Ring mail         |       |     7 ||     7
  Dodge: Dodged            |    27 |     2 ||    29

Table legend:
 A = Non-vault XP
 B = Vault XP
 C = Vault XP percentage of total XP
 D = Non-vault monster count
 E = Vault monster count
 F = Vault count percentage of total count
                 A         B        C        D         E       F
            +---------+---------+-------+---------+---------+-------
      Total |     116 |      37 |  24.2 |      44 |       1 |   2.2
            +---------+---------+-------+---------+---------+-------
        D:1 |      34 |       0 |   0.0 |      19 |       0 |   0.0
        D:2 |      66 |       0 |   0.0 |      17 |       0 |   0.0
        D:3 |      16 |      37 |  69.8 |       8 |       1 |  11.1
            +---------+---------+-------+---------+---------+-------
